 Dungeon Crawl Stone Soup version 0.29.0-4-gdea44cf6ec (webtiles) character file.

Game seed: 2279601026630335534

111671 qw the Severer (level 16, -10/155 HPs)
             Began as a Minotaur Berserker on Sept 5, 2022.
             Was an Elder of Trog.
             Mangled by an orc warrior
             ... wielding a +0 war axe
              (18 damage)
             ... on level 2 of the Orcish Mines.
             The game lasted 00:10:08 (29295 turns).

qw the Severer (Minotaur Berserker)                Turns: 29295, Time: 00:10:09

Health: -10/155    AC: 25    Str: 37    XL:     16   Next: 10%
Magic:  6/6        EV: 14    Int:  9    God:    Trog [****..]
Gold:   2908       SH: 22    Dex: 18    Spells: 15/15 levels left

rFire   + + .      SeeInvis +   x - +0 broad axe
rCold   . . .      Faith    .   v - +3 kite shield of Liub {Int+3}
rNeg    . . .      Spirit   .   q - +4 plate armour {rPois}
rPois   +          Reflect  +   (helmet unavailable)
rElec   +          Harm     .   o - +0 cloak
rCorr   +          Rampage  .   l - +0 pair of gloves of a bazaar {rF+ rCorr Str+3 Slay+2}
Will    ++++.                   j - +2 pair of boots
Stlth   ..........              s - amulet of reflection
HPRegen 1.35/turn               z - ring of Tegruizo {rElec Will+ Str+7 Int-4 Dex+2}
MPRegen 0.10/turn               i - ring of Limot {Fly rElec rF+ MP-9 Int+7}

@: about to teleport, strong-willed, corroded, on berserk cooldown, flying,
regenerating, slowed, very slow
A: horns 3, retaliatory headbutt, beak, iridescent scales 1, see invisible,
agile 1
a: Renounce Religion, Berserk, Trog's Hand, Brothers in Arms


You were on level 2 of the Orcish Mines.
You worshipped Trog.
Trog was greatly pleased with you.
You visited 3 branches of the dungeon, and saw 22 of its levels.
You also visited: Gauntlet.

You collected 3029 gold pieces.
You spent 121 gold pieces at shops.


Innate Abilities, Weirdness & Mutations

You have a pair of large horns on your head.
You reflexively headbutt those who attack you in melee.
You have a beak for a mouth.
You are partially covered in iridescent scales. (AC +2)
You have supernaturally acute eyesight. (SInv)
You are agile. (Dex +4, Str/Int -1)


   Skills:
 - Level 17.0 Fighting
 - Level 18.0 Axes
 - Level 7.1 Throwing
 - Level 15.0 Armour
 + Level 10.1 Dodging
 - Level 15.5 Shields


You had 15 spell levels left.
You didn't know any spells.
Your spell library was empty.

Inventory:

Hand Weapons
 r - a +0 morningstar
 x - a +0 broad axe (weapon)
Missiles
 g - 21 boomerangs (quivered)
 k - 3 silver boomerangs
Armour
 d - the +0 pair of gloves of Makhleb's Castigation {Contam rF++ Will+ Str+2}
   (You acquired it on level 2 of the Dungeon)

   Str:       It affects your strength (+2).
   rF:        It greatly protects you from fire.
   Contam:    It causes magical contamination when unequipped.
   Will:      It increases your willpower.
 j - a +2 pair of boots (worn)
 l - the +0 pair of gloves of a bazaar (worn) {rF+ rCorr Str+3 Slay+2}
   (You found it on level 3 of the Dungeon)

   Str:       It affects your strength (+3).
   Slay:      It affects your accuracy & damage with ranged weapons and melee
   (+2).
   rF:        It protects you from fire.
   rCorr:     It protects you from acid and corrosion.
 m - a +0 crystal plate armour
 o - a +0 cloak (worn)
 q - a +4 plate armour of poison resistance (worn)
 v - the +3 kite shield of Liub (worn) {Int+3}
   (You found it on level 12 of the Dungeon)

   Int:       It affects your intelligence (+3).
Jewellery
 i - the ring of Limot (right hand) {Fly rElec rF+ MP-9 Int+7}
   (You acquired it on level 2 of the Dungeon)

   [ring of protection from fire]

   Int:       It affects your intelligence (+7).
   rF:        It protects you from fire.
   rElec:     It insulates you from electricity.
   MP:        It affects your magic capacity (-9).
   Fly:       It grants you flight.
 s - an amulet of reflection (around neck)
 w - a ring of poison resistance
 z - the ring of Tegruizo (left hand) {rElec Will+ Str+7 Int-4 Dex+2}
   (You found it on level 15 of the Dungeon)

   [ring of willpower]

   Str:       It affects your strength (+7).
   Int:       It affects your intelligence (-4).
   Dex:       It affects your dexterity (+2).
   rElec:     It insulates you from electricity.
   Will:      It increases your willpower.
 Y - a +4 ring of evasion
Scrolls
 a - 10 scrolls of identify
 b - 12 scrolls of teleportation
Potions
 c - 12 potions of curing
 e - 2 potions of mutation
 f - 2 potions of might
 h - 3 potions of haste
 t - a potion of resistance
 u - 3 potions of heal wounds

Dungeon Overview and Level Annotations

Branches:
Dungeon (15/15)            Temple (0/1) D:4            Lair (5/5) D:9
 Shoals (0/4) Lair:3       Spider (0/4) Lair:3        Slime (0/5) Lair:5
    Orc (2/2) D:9             Elf (0/3) Orc:2        Vaults (0/5) D:14
 Depths (0/4) D:15        Gauntlet (visited)

Altars:
Ashenzari
Elyvilon
Fedhas
Gozag
Hepliaklqana
Makhleb
Qazlal
Sif Muna
Trog
Vehumet
Wu Jian
The Shining One

Shops:
D:3 *   D:5 =   D:13 [   Orc:1 ?   Orc:2 :

Portals:
Trove: D:15 (give 6 scrolls of butterflies)

Annotations:
Lair:1 2 transporters
Lair:4 3 runed translucent doors, qw's ghost, journeyman TrCA
Lair:5 4 runed translucent doors, qw's ghost, journeyman TrCA
Orc:1 4 transporters
Orc:2 1 runed translucent door, qw's ghost, journeyman MiBe


Message History

You block the orc warrior's attack.
The orc warrior hits you from afar with a +0 glaive!
The orc priest miscasts a cantrip.
You hit the orc warlord but do no damage.
The orc warlord is almost dead.
You slash the orc sorcerer! You slash the orc knight!
You hit the rust devil but do no damage.
You barely miss the orc warrior.
The orc sorcerer no longer looks unusually strong.
The orc sorcerer hits you but does no damage.
The orc priest calls down the wrath of Beogh upon you.
Beogh smites you! You block the orc warrior's attack.
The orc warlord barely misses you. The rust devil hits you.
The rust devil corrodes you!
The orc priest invokes the aid of Beogh against you.
Beogh smites you! You block the orc warrior's attack.
The orc knight hits you with a +0 long sword of freezing.
The orc knight freezes you.
29294 ||| READING 13 scrolls of teleportation.
As you read the scroll of teleportation, it crumbles to dust.
You feel strangely unstable.
The orc priest looks satisfied for a moment.
The orc warrior closely misses you. You block the orc knight's attack.
You block the orc warrior's attack. The orc warlord barely misses you.
29295 ||| DRINKING 4 potions of heal wounds.
You feel much better.
The orc warrior no longer looks unusually strong.
You block the orc priest's attack. The orc warrior completely misses you.
The orc warrior barely misses you.
The orc priest calls upon Beogh to heal the orc warrior.
The orc warrior is healed somewhat.
The orc high priest calls down the wrath of Beogh upon you.
Beogh smites you! You block the orc knight's attack.
The orc warlord misses you.
The orc sorcerer hits you but does no damage.
The orc priest looks satisfied for a moment.
The sun demon hits you but does no damage.
The orc priest invokes the aid of Beogh against you.
Beogh smites you!
The orc warrior hits you with a +0 war axe!!
You die...

.........................#...#...
............................##..#
........................#...#....
... .................#...#.....
... ..........................
... ......................... ...
......oo................ ...
...(.ooo)).............. ###
##(.oo@#############.#. #
#.()oooo3o# ###. # #..4ooo34o# ##
#


#...oooooo# #. # #...oo4oo4# ## #..ooooo..# # .......o... # ............ # You
could see an orc warlord (strong), an orc knight (strong), 3 orc high priests, 2
sun demons, an orange demon (summoned), a hellwing (summoned), an ice devil
(summoned), a rust devil (summoned), an orc sorcerer, 9 orc warriors, 6 orc
priests, 6 orc wizards and 5 orcs.

Vanquished Creatures
  An orc warlord (Orc:2)
  A broodmother (shapeshifter) (D:15)
  2 very ugly things
  An entropy weaver (Gauntlet)
  A minotaur (Gauntlet)
  An ettin (Orc:2)
  2 rakshasas
  5 boulder beetles
  4 hydras
  4 centaur warriors
  Erica (Lair:1)
  A merfolk avatar (Lair:5)
  3 ogre magi
  2 catoblepae
  A tengu warrior (D:14)
  11 two-headed ogres
  6 death yaks (Lair:2)
  2 orc high priests (Orc:1)
  2 thrashing horrors (Gauntlet)
  Sonja (D:12)
  2 skeletal warriors (D:12)
  A sea snake (Lair:5)
  A deep troll (Orc:1)
  A glowing orange brain (D:15)
  A lindwurm (Lair:5)
  7 orc knights
  Pikel (D:9)
  A wizard (D:14)
  2 harpies (Lair:5)
  A deep elf archer (D:14)
  7 orc sorcerers
  2 deep elf pyromancers
  21 ugly things
  A moth of wrath (shapeshifter) (D:12)
  A wolf spider (Gauntlet)
  8 cyclopes
  8 manticores
  14 elephants
  2 black mambas
  A torpor snail (Gauntlet)
  A gargoyle (D:13)
  5 rime drakes
  7 cane toads
  A yaktaur (D:15)
  2 kobold demonologists
  12 komodo dragons
  3 efreet (D:14)
  An unseen horror (D:8)
  A yaktaur (shapeshifter) (D:14)
  8 trolls
  A wind drake (Lair:5)
  A meliai (D:14)
  A tarantella (shapeshifter) (D:14)
  18 blink frogs
  24 dream sheep
  A hornet (D:6)
  13 slime creatures
  A jumping spider (Gauntlet)
  A snapping turtle (Lair:5)
  Sigmund (D:4)
  2 wraiths
  3 wyverns
  2 shadows
  A vampire (D:12)
  16 humans (D:14)
  4 basilisks
  40 yaks
  3 vampire mosquitoes (D:11)
  2 redbacks
  3 steam dragons
  4 acid dragons
  5 wargs (Orc:1)
  14 water moccasins
  27 orc warriors
  A sky beast (D:7)
  3 small abominations (Gauntlet)
  5 black bears
  11 centaurs
  7 ogres
  11 wolves
  2 kobold brigands
  6 bullfrogs
  6 scorpions
  10 wights
  13 killer bees
  3 howler monkeys
  8 crimson imps (D:14)
  3 gnoll boudas
  3 hounds
  20 orc priests
  2 iguanas
  23 orc wizards
  7 hell rats (Lair:1)
  12 gnolls
  6 adders
  A shadow imp (D:3)
  5 white imps
  An ufetubus (D:7)
  4 worms
  A dart slug (D:3)
  97 orcs
  3 endoplasms
  4 giant cockroaches
  6 goblins
  4 hobgoblins
  6 quokkas
  5 ball pythons
  5 bats
  3 frilled lizards
  A goblin skeleton (D:4)
  A goblin zombie (D:4)
  5 hobgoblin zombies (D:4)
  18 kobolds
  3 orc skeletons (D:4)
  3 orc zombies (D:4)
  6 rats
  A bush (Lair:5)
709 creatures vanquished.

Vanquished Creatures (collateral kills)
  A boulder beetle (D:11)
  A hydra (D:14)
  An orc knight (Orc:2)
  An orc sorcerer (Orc:2)
  3 orc warriors
  An orc priest (Orc:2)
  An orc wizard (Orc:2)
  4 orcs
13 creatures vanquished.

Vanquished Creatures (others)
  Nessos (D:14)
  An orc wizard (Orc:1)
  33 fungi
  68 plants
  25 withered plants
128 creatures vanquished.

Grand Total: 850 creatures vanquished

Notes
Turn   | Place    | Note
-------+----------+-------------------------------------------
     0 | D:1      | qw the Minotaur Berserker began the quest for the Orb.
     0 | D:1      | Reached XP level 1. HP: 19/19 MP: 0/0
     0 | D:1      | 0 ||| qw: Version: 0.1-a-104-g96f76f8
     0 | D:1      | 0 ||| qw: Game counter: 5833
     0 | D:1      | 0 ||| qw: Always use a shield: true
     0 | D:1      | 0 ||| qw: Do Orc after D:15 true
     0 | D:1      | 0 ||| qw: Do second Lair branch before Depths: true
     0 | D:1      | 0 ||| qw: Lair rune preference: random
     0 | D:1      | 0 ||| qw: Plans: Normal
     0 | D:1      | 0 ||| PLANNING D:1-11
   197 | D:1      | Reached skill level 4 in Axes
   291 | D:1      | Found a faded altar of an unknown god.
   303 | D:1      | Reached XP level 2. HP: 26/26 MP: 1/1
   347 | D:1      | 347 ||| DROPPING +0 club.
   495 | D:1      | 495 ||| Stepping ~*~*~tactically~*~*~ (stealth).
   506 | D:1      | 506 ||| Stepping ~*~*~tactically~*~*~ (stealth).
   941 | D:1      | 941 ||| UPGRADING to +0 pair of gloves.
   946 | D:1      | 946 ||| UPGRADING to +6 ring of intelligence.
   947 | D:1      | 947 ||| READING 2 scrolls labelled HODGHU YSE UCSI.
   948 | D:1      | 948 ||| READING scroll labelled OGIACILYID.
   949 | D:1      | 949 ||| READING scroll labelled EFEMICVUIZY.
   954 | D:1      | 954 ||| READING scroll labelled YTAIRUA GAARIA.
   955 | D:1      | 955 ||| READING scroll labelled XOAJOB EZEGUYN.
  1053 | D:2      | 1053 ||| READING scroll of enchant weapon.
  1053 | D:2      | 1053 ||| ENCHANTING +1 hand axe.
  1081 | D:2      | 1081 ||| INVOKING Berserk.
  1083 | D:2      | Reached skill level 5 in Axes
  1083 | D:2      | Reached XP level 3. HP: 16/31 MP: 2/2
  1088 | D:2      | HP: 7/31 [poisoned by an adder]
  1457 | D:2      | 1457 ||| INVOKING Berserk.
  1463 | D:2      | HP: 7/31 [poisoned by an adder]
  2077 | D:2      | 2077 ||| READING scroll of enchant weapon.
  2077 | D:2      | 2077 ||| ENCHANTING +2 hand axe.
  2092 | D:2      | 2092 ||| READING 2 scrolls labelled JEILEW MUSEQ.
  2092 | D:2      | Identified 2 scrolls of acquirement
  2092 | D:2      | 2092 ||| ACQUIRING ring of Limot {Fly rElec rF+ MP-9 Int+7}
  2092 | D:2      | Acquired the ring of Limot {Fly rElec rF+ MP-9 Int+7}
  2094 | D:2      | 2094 ||| UPGRADING to ring of Limot {Fly rElec rF+ MP-9
                  | Int+7}.
  2095 | D:2      | 2095 ||| REMOVING +6 ring of intelligence.
  2096 | D:2      | 2096 ||| READING scroll of acquirement.
  2096 | D:2      | 2096 ||| ACQUIRING +0 pair of gloves of Makhleb's
                  | Castigation {Contam rF++ Will+ Str+2}
  2096 | D:2      | Acquired the +0 pair of gloves of Makhleb's Castigation
                  | {Contam rF++ Will+ Str+2}
  2098 | D:2      | 2098 ||| UPGRADING to +0 pair of gloves of Makhleb's
                  | Castigation {Contam rF++ Will+ Str+2}.
  2108 | D:2      | 2108 ||| DROPPING +0 pair of gloves.
  2109 | D:2      | 2109 ||| DROPPING +6 ring of intelligence.
  2110 | D:2      | 2110 ||| READING 3 scrolls labelled KIOLOESIGECK.
  2111 | D:2      | 2111 ||| DRINKING 2 ruby potions.
  2112 | D:2      | 2112 ||| READING 2 scrolls of identify.
  2112 | D:2      | 2112 ||| IDENTIFYING dark potion
  2113 | D:2      | 2113 ||| DROPPING potion of attraction.
  2114 | D:2      | 2114 ||| DROPPING potion of brilliance.
  2115 | D:2      | 2115 ||| DROPPING 2 scrolls of immolation.
  2182 | D:3      | Found Paschien's Assorted Antiques.
  2205 | D:3      | 2205 ||| SHOPLISTING embroidered robe (103 gold, have 43).
  2205 | D:3      | 2205 ||| BUYING gluggy blue potion (25 gold).
  2205 | D:3      | Bought a gluggy blue potion for 25 gold pieces
  2205 | D:3      | 2205 ||| SHOPLISTING red potion (25 gold, have 18).
  2205 | D:3      | 2205 ||| SHOPLISTING runed scale mail (196 gold, have 18).
  2205 | D:3      | 2205 ||| SHOPLISTING scroll of identify (56 gold, have 18).
  2230 | D:3      | 2230 ||| Stepping ~*~*~tactically~*~*~ (hiding).
  2337 | D:3      | 2337 ||| Stepping ~*~*~tactically~*~*~ (stealth).
  2340 | D:3      | Reached skill level 6 in Axes
  2340 | D:3      | Reached XP level 4. HP: 39/39 MP: 0/3
  2433 | D:3      | Reached ** piety under Trog
  2451 | D:3      | 2451 ||| Stepping ~*~*~tactically~*~*~ (stealth).
  2470 | D:3      | 2470 ||| DROPPING +0 whip.
  2622 | D:3      | Identified the +0 pair of gloves of a bazaar {rF+ rCorr
                  | Str+3 Slay+2}
  2745 | D:3      | 2745 ||| UPGRADING to +0 leather armour.
  2830 | D:3      | 2830 ||| UPGRADING to +0 animal skin.
  2835 | D:3      | 2835 ||| UPGRADING to +0 leather armour.
  2845 | D:3      | 2845 ||| DROPPING +0 animal skin.
  2846 | D:3      | 2846 ||| UPGRADING to +0 pair of boots.
  2851 | D:3      | 2851 ||| UPGRADING to +0 pair of gloves of a bazaar {rF+
                  | rCorr Str+3 Slay+2}.
  2861 | D:3      | 2861 ||| UPGRADING to +0 scale mail.
  2867 | D:3      | Gained mutation: You are clumsy. (Dex -2) [mutagenic glow]
  2871 | D:3      | 2871 ||| DROPPING +0 leather armour.
  2872 | D:3      | 2872 ||| READING scroll of enchant armour.
  2872 | D:3      | 2872 ||| ENCHANTING +0 pair of boots.
  2998 | D:3      | 2998 ||| READING scroll labelled TUCWUZ KAZEJODD.
  2999 | D:3      | 2999 ||| READING scroll labelled LYISHRY RIS EFI.
  3000 | D:3      | 3000 ||| READING scroll labelled WODGHU JOICSOGG.
  3001 | D:3      | 3001 ||| DRINKING 3 gluggy blue potions.
  3002 | D:3      | 3002 ||| READING 2 scrolls of identify.
  3002 | D:3      | 3002 ||| IDENTIFYING fuming amethyst potion
  3003 | D:3      | 3003 ||| DROPPING potion of lignification.
  3004 | D:3      | 3004 ||| READING scroll of teleportation.
  3022 | D:4      | Noticed Sigmund
  3023 | D:4      | 3023 ||| Stepping ~*~*~tactically~*~*~ (hiding).
  3024 | D:4      | 3024 ||| Stepping ~*~*~tactically~*~*~ (hiding).
  3027 | D:4      | 3027 ||| INVOKING Berserk.
  3032 | D:4      | Killed Sigmund
  3033 | D:4      | Reached skill level 8 in Axes
  3033 | D:4      | Reached XP level 5. HP: 45/45 MP: 0/4
  3213 | D:4      | Found a staircase to the Ecumenical Temple.
  3220 | D:4      | 3220 ||| Stepping ~*~*~tactically~*~*~ (stealth).
  3227 | D:4      | 3227 ||| Stepping ~*~*~tactically~*~*~ (stealth).
  3230 | D:4      | Reached XP level 6. HP: 52/52 MP: 0/5
  3299 | D:4      | 3299 ||| SWAPPING to +0 war axe.
  3300 | D:4      | 3300 ||| DROPPING +3 hand axe.
  3341 | D:4      | 3341 ||| Stepping ~*~*~tactically~*~*~ (stealth).
  3345 | D:4      | 3345 ||| INVOKING Berserk.
  3354 | D:4      | 3354 ||| FLEEEEING.
  3355 | D:4      | 3355 ||| FLEEEEING.
  3356 | D:4      | 3356 ||| FLEEEEING.
  3360 | D:4      | 3360 ||| FLEEEEING.
  3361 | D:4      | 3361 ||| FLEEEEING.
  3362 | D:4      | 3362 ||| FLEEEEING.
  3363 | D:4      | 3363 ||| FLEEEEING.
  3364 | D:4      | 3364 ||| FLEEEEING.
  3365 | D:4      | 3365 ||| FLEEEEING.
  3367 | D:4      | 3367 ||| FLEEEEING.
  3368 | D:4      | 3368 ||| FLEEEEING.
  3369 | D:4      | 3369 ||| FLEEEEING.
  3370 | D:4      | 3370 ||| FLEEEEING.
  3371 | D:4      | 3371 ||| FLEEEEING.
  3372 | D:4      | 3372 ||| FLEEEEING.
  3373 | D:4      | 3373 ||| FLEEEEING.
  3374 | D:4      | 3374 ||| FLEEEEING.
  3375 | D:4      | 3375 ||| FLEEEEING.
  3376 | D:4      | 3376 ||| FLEEEEING.
  3377 | D:4      | 3377 ||| FLEEEEING.
  3378 | D:4      | 3378 ||| FLEEEEING.
  3380 | D:4      | 3380 ||| STAIRDANCE
  3633 | D:4      | Found a broken altar of Ashenzari.
  3650 | D:4      | 3650 ||| Stepping ~*~*~tactically~*~*~ (stealth).
  3658 | D:4      | Found a glowing golden altar of the Shining One.
  3660 | D:4      | 3660 ||| Stepping ~*~*~tactically~*~*~ (stealth).
  3669 | D:4      | 3669 ||| INVOKING Berserk.
  3682 | D:4      | 3682 ||| FLEEEEING.
  3843 | D:4      | 3843 ||| READING scroll of enchant armour.
  3843 | D:4      | 3843 ||| ENCHANTING +1 pair of boots.
  3920 | D:4      | 3920 ||| READING scroll labelled EHEZXI DEASERU.
  3921 | D:4      | 3921 ||| READING 2 scrolls of identify.
  3921 | D:4      | 3921 ||| IDENTIFYING viscous pink potion
  3922 | D:4      | 3922 ||| DROPPING potion of degeneration.
  3935 | D:5      | Entered Level 5 of the Dungeon
  4080 | D:5      | Reached XP level 7. HP: 60/60 MP: 0/6
  4092 | D:5      | Noticed a yak
  4094 | D:5      | Noticed a yak
  4097 | D:5      | Noticed a yak
  4101 | D:5      | Killed a yak
  4102 | D:5      | Reached skill level 9 in Axes
  4105 | D:5      | Killed a yak
  4106 | D:5      | Reached skill level 6 in Fighting
  4107 | D:5      | 4107 ||| INVOKING Berserk.
  4111 | D:5      | Killed a yak
  4112 | D:5      | Reached skill level 10 in Axes
  4112 | D:5      | Reached XP level 8. HP: 44/70 MP: 0/7
  4295 | D:5      | 4295 ||| INVOKING Berserk.
  4297 | D:5      | Reached skill level 3 in Armour
  4461 | D:5      | Found Yschogri's Jewellery Emporium.
  4469 | D:5      | 4469 ||| SHOPLISTING +4 ring of evasion (504 gold, have
                  | 215).
  4469 | D:5      | 4469 ||| SHOPLISTING +4 ring of protection (504 gold, have
                  | 215).
  4469 | D:5      | 4469 ||| SHOPLISTING ring of Gosmo {Will+ Int+6 Dex+6} (856
                  | gold, have 215).
  4469 | D:5      | 4469 ||| SHOPLISTING ring of positive energy (280 gold,
                  | have 215).
  4469 | D:5      | 4469 ||| SHOPLISTING ring of resist corrosion (280 gold,
                  | have 215).
  4469 | D:5      | 4469 ||| SHOPLISTING ring of willpower (350 gold, have
                  | 215).
  4559 | D:5      | 4559 ||| INVOKING Berserk.
  4866 | D:5      | 4866 ||| FLEEEEING.
  4868 | D:5      | 4868 ||| FLEEEEING.
  4869 | D:5      | 4869 ||| FLEEEEING.
  4870 | D:5      | 4870 ||| FLEEEEING.
  4871 | D:5      | 4871 ||| FLEEEEING.
  4872 | D:5      | 4872 ||| FLEEEEING.
  4876 | D:5      | 4876 ||| INVOKING Berserk.
  5085 | D:5      | 5085 ||| READING scroll labelled CUKHANE BICIO.
  5168 | D:6      | Found a white marble altar of Elyvilon.
  5170 | D:6      | Reached skill level 11 in Axes
  5192 | D:6      | 5192 ||| DRINKING 4 potions of curing.
  5192 | D:6      | 5192 ||| (to cure confusion)
  5196 | D:6      | 5196 ||| INVOKING Berserk.
  5278 | D:6      | 5278 ||| FLEEEEING.
  5279 | D:6      | 5279 ||| FLEEEEING.
  5280 | D:6      | 5280 ||| FLEEEEING.
  5281 | D:6      | 5281 ||| FLEEEEING.
  5282 | D:6      | 5282 ||| FLEEEEING.
  5283 | D:6      | 5283 ||| FLEEEEING.
  5284 | D:6      | 5284 ||| FLEEEEING.
  5285 | D:6      | 5285 ||| FLEEEEING.
  5286 | D:6      | 5286 ||| FLEEEEING.
  5287 | D:6      | 5287 ||| FLEEEEING.
  5288 | D:6      | 5288 ||| FLEEEEING.
  5289 | D:6      | 5289 ||| FLEEEEING.
  5290 | D:6      | 5290 ||| FLEEEEING.
  5291 | D:6      | 5291 ||| FLEEEEING.
  5296 | D:6      | 5296 ||| FLEEEEING.
  5297 | D:6      | 5297 ||| FLEEEEING.
  5298 | D:6      | 5298 ||| FLEEEEING.
  5299 | D:6      | 5299 ||| FLEEEEING.
  5300 | D:6      | 5300 ||| FLEEEEING.
  5301 | D:6      | 5301 ||| FLEEEEING.
  5302 | D:6      | 5302 ||| FLEEEEING.
  5306 | D:6      | 5306 ||| FLEEEEING.
  5315 | D:6      | 5315 ||| FLEEEEING.
  5316 | D:6      | 5316 ||| FLEEEEING.
  5319 | D:6      | 5319 ||| STAIRDANCE
  5355 | D:6      | 5355 ||| Stepping ~*~*~tactically~*~*~ (hiding).
  5357 | D:6      | 5357 ||| Stepping ~*~*~tactically~*~*~ (hiding).
  5543 | D:6      | 5543 ||| Stepping ~*~*~tactically~*~*~ (stealth).
  5545 | D:6      | Reached skill level 12 in Axes
  5549 | D:6      | You are sucked into a shaft and drop 1 floor!
  5664 | D:7      | 5664 ||| DROPPING +2 pair of gloves.
  5704 | D:6      | Noticed a hornet
  5708 | D:6      | Paralysed by a hornet for 2 turns
  5714 | D:6      | Killed a hornet
  5915 | D:6      | Found a bloodstained altar of Trog.
  5965 | D:6      | Found a shimmering blue altar of Sif Muna.
  6028 | D:6      | Found a radiant altar of Vehumet.
  6217 | D:6      | 6217 ||| READING scroll labelled ZIQOYT MAK DAESI.
  6218 | D:6      | 6218 ||| READING 2 scrolls of identify.
  6218 | D:6      | 6218 ||| IDENTIFYING grey potion
  6219 | D:6      | 6219 ||| DROPPING potion of ambrosia.
  6279 | D:7      | Found a blossoming altar of Fedhas.
  6295 | D:7      | 6295 ||| INVOKING Berserk.
  6297 | D:7      | HP: 25/109 [centaur/arrow (7)]
  6299 | D:7      | 6299 ||| READING scroll of teleportation.
  6301 | D:7      | HP: 11/73 [centaur/arrow (2)]
  6641 | D:7      | 6641 ||| Stepping ~*~*~tactically~*~*~ (stealth).
  6642 | D:7      | Identified the +4 rapier of the Vestibule of Hell {vorpal,
                  | Str+4}
  6650 | D:7      | Reached XP level 9. HP: 31/79 MP: 0/8
  6650 | D:7      | 6650 ||| INVOKING Berserk.
  6684 | D:7      | 6684 ||| FLEEEEING.
  6685 | D:7      | 6685 ||| FLEEEEING.
  6686 | D:7      | 6686 ||| FLEEEEING.
  6687 | D:7      | 6687 ||| FLEEEEING.
  6691 | D:7      | 6691 ||| FLEEEEING.
  6692 | D:7      | 6692 ||| FLEEEEING.
  6698 | D:7      | 6698 ||| FLEEEEING.
  6699 | D:7      | 6699 ||| FLEEEEING.
  6700 | D:7      | 6700 ||| FLEEEEING.
  6701 | D:7      | 6701 ||| FLEEEEING.
  6702 | D:7      | 6702 ||| FLEEEEING.
  6703 | D:7      | 6703 ||| FLEEEEING.
  6704 | D:7      | 6704 ||| FLEEEEING.
  6709 | D:7      | 6709 ||| FLEEEEING.
  6710 | D:7      | 6710 ||| FLEEEEING.
  6711 | D:7      | 6711 ||| FLEEEEING.
  6712 | D:7      | 6712 ||| FLEEEEING.
  6713 | D:7      | 6713 ||| STAIRDANCE
  6897 | D:6      | 6897 ||| READING scroll labelled OPEKUDATED.
  6987 | D:7      | 6987 ||| FLEEEEING.
  6988 | D:7      | 6988 ||| FLEEEEING.
  6989 | D:7      | 6989 ||| FLEEEEING.
  6990 | D:7      | 6990 ||| FLEEEEING.
  6991 | D:7      | 6991 ||| FLEEEEING.
  6992 | D:7      | 6992 ||| FLEEEEING.
  6995 | D:7      | 6995 ||| FLEEEEING.
  6996 | D:7      | 6996 ||| FLEEEEING.
  6997 | D:7      | 6997 ||| FLEEEEING.
  6998 | D:7      | 6998 ||| FLEEEEING.
  6999 | D:7      | 6999 ||| FLEEEEING.
  7000 | D:7      | 7000 ||| FLEEEEING.
  7001 | D:7      | 7001 ||| FLEEEEING.
  7002 | D:7      | 7002 ||| FLEEEEING.
  7004 | D:7      | 7004 ||| FLEEEEING.
  7006 | D:7      | 7006 ||| FLEEEEING.
  7007 | D:7      | 7007 ||| FLEEEEING.
  7008 | D:7      | 7008 ||| FLEEEEING.
  7009 | D:7      | 7009 ||| FLEEEEING.
  7010 | D:7      | 7010 ||| FLEEEEING.
  7011 | D:7      | 7011 ||| FLEEEEING.
  7012 | D:7      | 7012 ||| FLEEEEING.
  7013 | D:7      | 7013 ||| FLEEEEING.
  7014 | D:7      | 7014 ||| FLEEEEING.
  7015 | D:7      | 7015 ||| FLEEEEING.
  7020 | D:7      | 7020 ||| FLEEEEING.
  7023 | D:7      | 7023 ||| STAIRDANCE
  7181 | D:6      | 7181 ||| UPGRADING to +0 chain mail.
  7191 | D:6      | 7191 ||| DROPPING +0 scale mail.
  7192 | D:6      | 7192 ||| READING scroll labelled DAUNUESAODIF.
  7355 | D:6      | 7355 ||| DRINKING 2 glowing sapphire potions.
  7355 | D:6      | Lost mutation: You are clumsy. (Dex -2) [potion of
                  | mutation]
  7355 | D:6      | Gained mutation: You have hidden genetic potential. [potion
                  | of mutation]
  7355 | D:6      | Gained mutation: You have a pair of large horns on your
                  | head. [potion of mutation]
  7361 | D:7      | 7361 ||| STAIRDANCE
  7448 | D:7      | Reached *** piety under Trog
  7568 | D:7      | 7568 ||| Stepping ~*~*~tactically~*~*~ (stealth).
  7569 | D:7      | 7569 ||| Stepping ~*~*~tactically~*~*~ (stealth).
  7576 | D:7      | 7576 ||| Stepping ~*~*~tactically~*~*~ (hiding).
  7578 | D:7      | 7578 ||| Stepping ~*~*~tactically~*~*~ (hiding).
  7636 | D:7      | 7636 ||| Stepping ~*~*~tactically~*~*~ (stealth).
  7709 | D:7      | Reached skill level 13 in Axes
  7715 | D:7      | Reached skill level 3 in Dodging
  7716 | D:7      | 7716 ||| FLEEEEING.
  7720 | D:7      | 7720 ||| FLEEEEING.
  7721 | D:7      | 7721 ||| FLEEEEING.
  7722 | D:7      | 7722 ||| FLEEEEING.
  7723 | D:7      | 7723 ||| FLEEEEING.
  7731 | D:7      | 7731 ||| FLEEEEING.
  7732 | D:7      | 7732 ||| FLEEEEING.
  7733 | D:7      | 7733 ||| FLEEEEING.
  7734 | D:7      | 7734 ||| FLEEEEING.
  7735 | D:7      | 7735 ||| FLEEEEING.
  7736 | D:7      | 7736 ||| FLEEEEING.
  7737 | D:7      | 7737 ||| FLEEEEING.
  7742 | D:7      | 7742 ||| FLEEEEING.
  7743 | D:7      | 7743 ||| FLEEEEING.
  7744 | D:7      | 7744 ||| FLEEEEING.
  7745 | D:7      | 7745 ||| FLEEEEING.
  7746 | D:7      | 7746 ||| FLEEEEING.
  7747 | D:7      | 7747 ||| FLEEEEING.
  7751 | D:7      | 7751 ||| FLEEEEING.
  7752 | D:7      | 7752 ||| FLEEEEING.
  7753 | D:7      | 7753 ||| FLEEEEING.
  7754 | D:7      | 7754 ||| FLEEEEING.
  7755 | D:7      | 7755 ||| FLEEEEING.
  7756 | D:7      | 7756 ||| FLEEEEING.
  7757 | D:7      | 7757 ||| FLEEEEING.
  7760 | D:7      | 7760 ||| FLEEEEING.
  7761 | D:7      | 7761 ||| FLEEEEING.
  7762 | D:7      | 7762 ||| FLEEEEING.
  7964 | D:7      | 7964 ||| Stepping ~*~*~tactically~*~*~ (stealth).
  7970 | D:7      | Reached skill level 3 in Throwing
  7986 | D:7      | Found a burning altar of Makhleb.
  8095 | D:8      | Killed an unseen horror
  8131 | D:8      | 8131 ||| Stepping ~*~*~tactically~*~*~ (hiding).
  8169 | D:8      | 8169 ||| Stepping ~*~*~tactically~*~*~ (hiding).
  8174 | D:8      | 8174 ||| INVOKING Berserk.
  8374 | D:8      | 8374 ||| INVOKING Berserk.
  8546 | D:8      | 8546 ||| Stepping ~*~*~tactically~*~*~ (hiding).
  8556 | D:8      | Reached skill level 14 in Axes
  8556 | D:8      | Reached XP level 10. HP: 90/90 MP: 0/9
  8635 | D:8      | Reached **** piety under Trog
  8679 | D:8      | 8679 ||| Stepping ~*~*~tactically~*~*~ (stealth).
  8916 | D:8      | Found an ornate altar of the Wu Jian Council.
  9059 | D:8      | Found an opulent altar of Gozag.
  9060 | D:8      | 9060 ||| Stepping ~*~*~tactically~*~*~ (hiding).
  9067 | D:8      | 9067 ||| Stepping ~*~*~tactically~*~*~ (stealth).
  9076 | D:8      | 9076 ||| INVOKING Berserk.
  9077 | D:8      | Reached skill level 6 in Armour
  9207 | D:8      | 9207 ||| Stepping ~*~*~tactically~*~*~ (stealth).
  9208 | D:8      | 9208 ||| Stepping ~*~*~tactically~*~*~ (stealth).
  9213 | D:8      | 9213 ||| Stepping ~*~*~tactically~*~*~ (hiding).
  9220 | D:8      | Gained mutation: You are agile. (Dex +4, Str/Int -1)
                  | [hidden potential]
  9423 | D:8      | 9423 ||| UPGRADING to ring of protection from cold.
  9424 | D:8      | 9424 ||| READING scroll labelled ZORU XEASYMUG.
  9564 | D:9      | 9564 ||| STAIRDANCE
  9642 | D:9      | 9642 ||| Stepping ~*~*~tactically~*~*~ (hiding).
  9892 | D:9      | 9892 ||| Stepping ~*~*~tactically~*~*~ (stealth).
  9893 | D:9      | 9893 ||| Stepping ~*~*~tactically~*~*~ (stealth).
  9894 | D:9      | 9894 ||| Stepping ~*~*~tactically~*~*~ (stealth).
 10129 | D:9      | 10129 ||| Stepping ~*~*~tactically~*~*~ (hiding).
 10131 | D:9      | 10131 ||| Stepping ~*~*~tactically~*~*~ (hiding).
 10137 | D:9      | 10137 ||| INVOKING Berserk.
 10268 | D:9      | 10268 ||| DROPPING +0 flail.
 10279 | D:9      | Found a staircase to the Orcish Mines.
 10333 | D:9      | Reached skill level 15 in Axes
 10409 | D:9      | Found a staircase to the Lair.
 10421 | D:9      | 10421 ||| INVOKING Berserk.
 10423 | D:9      | Reached skill level 9 in Fighting
 10763 | D:9      | 10763 ||| INVOKING Berserk.
 10789 | D:9      | Noticed Pikel
 10790 | D:9      | Paralysed by Pikel for 2 turns
 10795 | D:9      | Killed Pikel
 11321 | D:9      | 11321 ||| PLANNING LAIR
 11321 | D:9      | 11321 ||| UPGRADING to +0 plate armour.
 11331 | D:9      | 11331 ||| DROPPING +0 chain mail.
 11332 | D:9      | 11332 ||| UPGRADING to +1 plate armour of poison
                  | resistance.
 11342 | D:9      | 11342 ||| DROPPING +0 plate armour.
 11343 | D:9      | 11343 ||| READING 2 scrolls of enchant armour.
 11343 | D:9      | 11343 ||| ENCHANTING +1 plate armour of poison resistance.
 11344 | D:9      | 11344 ||| READING scroll of enchant armour.
 11344 | D:9      | 11344 ||| ENCHANTING +2 plate armour of poison resistance.
 11345 | D:9      | 11345 ||| READING 4 scrolls of identify.
 11345 | D:9      | 11345 ||| IDENTIFYING glowing coppery potion
 11346 | D:9      | 11346 ||| DROPPING potion of flight.
 11390 | Lair:1   | Entered Level 1 of the Lair of Beasts
 11390 | Lair:1   | Found a transporter.
 11726 | Lair:1   | Found a transporter.
 11779 | Lair:1   | 11779 ||| Stepping ~*~*~tactically~*~*~ (stealth).
 12098 | Lair:1   | Noticed Erica
 12102 | Lair:1   | 12102 ||| INVOKING Berserk.
 12107 | Lair:1   | Killed Erica
 12369 | Lair:1   | 12369 ||| INVOKING Berserk.
 12488 | Lair:1   | 12488 ||| READING 4 scrolls of identify.
 12488 | Lair:1   | 12488 ||| IDENTIFYING emerald potion
 12492 | Lair:2   | Noticed a death yak
 12494 | Lair:2   | Noticed a death yak
 12494 | Lair:2   | Noticed a death yak
 12495 | Lair:2   | 12495 ||| Stepping ~*~*~tactically~*~*~ (stealth).
 12496 | Lair:2   | Noticed a death yak
 12497 | Lair:2   | 12497 ||| INVOKING Berserk.
 12497 | Lair:2   | Noticed a death yak
 12497 | Lair:2   | Noticed a death yak
 12501 | Lair:2   | Killed a death yak
 12502 | Lair:2   | Reached skill level 16 in Axes
 12502 | Lair:2   | Reached XP level 11. HP: 97/97 MP: 1/10
 12510 | Lair:2   | Killed a death yak
 12514 | Lair:2   | Killed a death yak
 12518 | Lair:2   | Killed a death yak
 12522 | Lair:2   | Killed a death yak
 12523 | Lair:2   | Reached skill level 9 in Armour
 12527 | Lair:2   | Killed a death yak
 12528 | Lair:2   | Gained mutation: You have great hidden genetic potential.
                  | [hidden potential]
 12528 | Lair:2   | Lost mutation: You have great hidden genetic potential.
                  | [hidden potential expressed]
 12689 | Lair:2   | Noticed a catoblepas
 12693 | Lair:2   | 12693 ||| Stepping ~*~*~tactically~*~*~ (cloud).
 12694 | Lair:2   | 12694 ||| Stepping ~*~*~tactically~*~*~ (cloud).
 12697 | Lair:2   | 12697 ||| INVOKING Berserk.
 12703 | Lair:2   | Killed a catoblepas
 12795 | Lair:2   | 12795 ||| INVOKING Berserk.
 12887 | Lair:2   | 12887 ||| INVOKING Berserk.
 13125 | Lair:2   | 13125 ||| INVOKING Berserk.
 13367 | Lair:2   | Noticed a five-headed hydra
 13370 | Lair:2   | 13370 ||| SWAPPING to +0 morningstar.
 13372 | Lair:2   | 13372 ||| INVOKING Berserk.
 13376 | Lair:2   | Killed a five-headed hydra
 13377 | Lair:2   | Reached skill level 12 in Fighting
 13382 | Lair:2   | 13382 ||| SWAPPING to +0 war axe.
 13565 | Lair:2   | 13565 ||| INVOKING Berserk.
 13570 | Lair:2   | Reached XP level 12. HP: 81/113 MP: 2/11
 14019 | Lair:2   | 14019 ||| READING 4 scrolls of identify.
 14019 | Lair:2   | 14019 ||| IDENTIFYING golden potion
 14020 | Lair:2   | 14020 ||| DROPPING potion of berserk rage.
 14031 | Lair:3   | Found a staircase to the Shoals.
 14052 | Lair:3   | Reached skill level 6 in Dodging
 14154 | Lair:3   | 14154 ||| Stepping ~*~*~tactically~*~*~ (stealth).
 14167 | Lair:3   | 14167 ||| INVOKING Berserk.
 14386 | Lair:3   | 14386 ||| INVOKING Berserk.
 14389 | Lair:3   | Gained mutation: You have great hidden genetic potential.
                  | [hidden potential]
 14609 | Lair:3   | 14609 ||| INVOKING Berserk.
 14834 | Lair:3   | 14834 ||| Stepping ~*~*~tactically~*~*~ (stealth).
 14838 | Lair:3   | 14838 ||| FLEEEEING.
 14979 | Lair:3   | Found a hole to the Spider Nest.
 14989 | Lair:3   | 14989 ||| FLEEEEING.
 14992 | Lair:3   | 14992 ||| FLEEEEING.
 14993 | Lair:3   | 14993 ||| FLEEEEING.
 14994 | Lair:3   | 14994 ||| FLEEEEING.
 14995 | Lair:3   | 14995 ||| FLEEEEING.
 15130 | Lair:3   | 15130 ||| READING scroll of enchant weapon.
 15130 | Lair:3   | 15130 ||| ENCHANTING +0 war axe.
 15413 | Lair:4   | 15413 ||| STAIRDANCE
 15419 | Lair:4   | 15419 ||| INVOKING Berserk.
 15422 | Lair:4   | Reached skill level 12 in Armour
 15426 | Lair:4   | 15426 ||| STAIRDANCE
 15530 | Lair:4   | Noticed a seven-headed hydra
 15531 | Lair:4   | 15531 ||| INVOKING Brothers in Arms.
 15533 | Lair:4   | 15533 ||| SWAPPING to +0 morningstar.
 15534 | Lair:4   | 15534 ||| INVOKING Berserk.
 15536 | Lair:4   | Killed a seven-headed hydra
 15543 | Lair:4   | Reached skill level 6 in Throwing
 15549 | Lair:4   | 15549 ||| SWAPPING to +1 war axe.
 15678 | Lair:4   | 15678 ||| Stepping ~*~*~tactically~*~*~ (stealth).
 15679 | Lair:4   | 15679 ||| Stepping ~*~*~tactically~*~*~ (stealth).
 15765 | Lair:4   | 15765 ||| Stepping ~*~*~tactically~*~*~ (stealth).
 15789 | Lair:4   | Found a runed translucent gate.
 15789 | Lair:4   | Found a runed translucent gate.
 15789 | Lair:4   | Found a runed translucent gate.
 15792 | Lair:4   | Noticed qw's ghost (journeyman TrCA)
 16120 | Lair:4   | 16120 ||| UPGRADING to +4 ring of evasion.
 16136 | Lair:5   | Entered Level 5 of the Lair of Beasts
 16137 | Lair:5   | 16137 ||| STAIRDANCE
 16184 | Lair:5   | 16184 ||| INVOKING Berserk.
 16211 | Lair:5   | 16211 ||| FLEEEEING.
 16212 | Lair:5   | 16212 ||| FLEEEEING.
 16213 | Lair:5   | 16213 ||| STAIRDANCE
 16343 | Lair:5   | 16343 ||| INVOKING Berserk.
 16370 | Lair:5   | 16370 ||| STAIRDANCE
 16570 | Lair:5   | Noticed a catoblepas
 16571 | Lair:5   | 16571 ||| Stepping ~*~*~tactically~*~*~ (stealth).
 16577 | Lair:5   | 16577 ||| Stepping ~*~*~tactically~*~*~ (hiding).
 16578 | Lair:5   | 16578 ||| Stepping ~*~*~tactically~*~*~ (hiding).
 16579 | Lair:5   | 16579 ||| Stepping ~*~*~tactically~*~*~ (hiding).
 16580 | Lair:5   | 16580 ||| Stepping ~*~*~tactically~*~*~ (stealth).
 16584 | Lair:5   | 16584 ||| INVOKING Berserk.
 16589 | Lair:5   | Killed a catoblepas
 16590 | Lair:5   | Reached XP level 13. HP: 124/124 MP: 3/12
 16626 | Lair:5   | 16626 ||| Stepping ~*~*~tactically~*~*~ (stealth).
 16728 | Lair:5   | 16728 ||| Stepping ~*~*~tactically~*~*~ (stealth).
 16732 | Lair:5   | 16732 ||| INVOKING Berserk.
 16744 | Lair:5   | 16744 ||| Stepping ~*~*~tactically~*~*~ (stealth).
 16843 | Lair:5   | 16843 ||| Stepping ~*~*~tactically~*~*~ (stealth).
 16844 | Lair:5   | 16844 ||| Stepping ~*~*~tactically~*~*~ (stealth).
 16861 | Lair:5   | 16861 ||| Stepping ~*~*~tactically~*~*~ (hiding).
 16864 | Lair:5   | 16864 ||| INVOKING Berserk.
 16934 | Lair:5   | 16934 ||| Stepping ~*~*~tactically~*~*~ (stealth).
 16936 | Lair:5   | 16936 ||| Stepping ~*~*~tactically~*~*~ (stealth).
 16985 | Lair:5   | 16985 ||| INVOKING Berserk.
 17031 | Lair:5   | 17031 ||| FLEEEEING.
 17032 | Lair:5   | 17032 ||| FLEEEEING.
 17034 | Lair:5   | 17034 ||| FLEEEEING.
 17035 | Lair:5   | 17035 ||| FLEEEEING.
 17036 | Lair:5   | 17036 ||| FLEEEEING.
 17041 | Lair:5   | 17041 ||| FLEEEEING.
 17042 | Lair:5   | 17042 ||| STAIRDANCE
 17217 | Lair:5   | 17217 ||| STAIRDANCE
 17219 | Lair:4   | 17219 ||| INVOKING Berserk.
 17358 | Lair:5   | 17358 ||| STAIRDANCE
 17416 | Lair:5   | 17416 ||| Stepping ~*~*~tactically~*~*~ (stealth).
 17436 | Lair:5   | 17436 ||| Stepping ~*~*~tactically~*~*~ (stealth).
 17439 | Lair:5   | 17439 ||| Stepping ~*~*~tactically~*~*~ (stealth).
 17448 | Lair:5   | Gained mutation: You are partially covered in iridescent
                  | scales. (AC +2) [hidden potential]
 17448 | Lair:5   | Lost mutation: You have great hidden genetic potential.
                  | [hidden potential expressed]
 17480 | Lair:5   | 17480 ||| READING scroll of acquirement.
 17480 | Lair:5   | 17480 ||| ACQUIRING 618 gold pieces
 17480 | Lair:5   | Acquired 618 gold pieces
 17525 | Lair:5   | Reached skill level 15 in Fighting
 17532 | Lair:5   | 17532 ||| INVOKING Trog's Hand.
 17533 | Lair:5   | 17533 ||| INVOKING Berserk.
 17564 | Lair:5   | Reached skill level 9 in Dodging
 17588 | Lair:5   | Reached ***** piety under Trog
 17599 | Lair:5   | 17599 ||| INVOKING Brothers in Arms.
 17852 | Lair:5   | 17852 ||| INVOKING Berserk.
 18028 | Lair:5   | Found a runed translucent door.
 18029 | Lair:5   | Noticed an azure jelly
 18030 | Lair:5   | 18030 ||| Stepping ~*~*~tactically~*~*~ (stealth).
 18030 | Lair:5   | Noticed an azure jelly
 18030 | Lair:5   | Noticed an azure jelly
 18335 | Lair:5   | 18335 ||| Stepping ~*~*~tactically~*~*~ (stealth).
 18336 | Lair:5   | 18336 ||| Stepping ~*~*~tactically~*~*~ (stealth).
 18340 | Lair:5   | 18340 ||| Stepping ~*~*~tactically~*~*~ (stealth).
 18567 | Lair:5   | Identified the +6 dagger of Dicvedgh {elec, Will+}
 18570 | Lair:5   | Identified the +6 trident "Soseemem" {elec, Dex+3}
 18755 | Lair:5   | Noticed qw's ghost (journeyman TrCA)
 18765 | Lair:5   | Found a runed translucent gate.
 18765 | Lair:5   | Found a runed translucent gate.
 18765 | Lair:5   | Found a runed translucent gate.
 18970 | Lair:5   | Found a staircase to the Slime Pits.
 19055 | Lair:5   | 19055 ||| UPGRADING to +0 buckler.
 19060 | Lair:5   | 19060 ||| PLANNING D:1-11
 19060 | Lair:5   | 19060 ||| READING 5 scrolls of identify.
 19060 | Lair:5   | 19060 ||| IDENTIFYING purple potion
 19061 | Lair:5   | 19061 ||| READING 4 scrolls of identify.
 19061 | Lair:5   | 19061 ||| IDENTIFYING viscous clear potion
 19062 | Lair:5   | 19062 ||| READING 3 scrolls of identify.
 19062 | Lair:5   | 19062 ||| IDENTIFYING red potion
 19063 | Lair:5   | 19063 ||| DROPPING potion of invisibility.
 19180 | D:10     | Entered Level 10 of the Dungeon
 19188 | D:10     | 19188 ||| Stepping ~*~*~tactically~*~*~ (stealth).
 19311 | D:10     | Reached skill level 1 in Shields
 19562 | D:10     | Reached skill level 3 in Shields
 19639 | D:10     | Found a stormy altar of Qazlal.
 19700 | D:10     | 19700 ||| FLEEEEING.
 19965 | D:10     | 19965 ||| READING scroll of enchant weapon.
 19965 | D:10     | 19965 ||| ENCHANTING +1 war axe.
 19966 | D:10     | 19966 ||| READING 12 scrolls of teleportation.
 20009 | D:11     | 20009 ||| Stepping ~*~*~tactically~*~*~ (hiding).
 20010 | D:11     | 20010 ||| Stepping ~*~*~tactically~*~*~ (hiding).
 20011 | D:11     | 20011 ||| Stepping ~*~*~tactically~*~*~ (hiding).
 20012 | D:11     | 20012 ||| Stepping ~*~*~tactically~*~*~ (hiding).
 20013 | D:11     | 20013 ||| Stepping ~*~*~tactically~*~*~ (hiding).
 20015 | D:11     | 20015 ||| Stepping ~*~*~tactically~*~*~ (hiding).
 20024 | D:11     | 20024 ||| INVOKING Berserk.
 20101 | D:11     | 20101 ||| Stepping ~*~*~tactically~*~*~ (stealth).
 20102 | D:11     | 20102 ||| Stepping ~*~*~tactically~*~*~ (stealth).
 20103 | D:11     | 20103 ||| Stepping ~*~*~tactically~*~*~ (stealth).
 20105 | D:11     | 20105 ||| Stepping ~*~*~tactically~*~*~ (hiding).
 20110 | D:11     | 20110 ||| Stepping ~*~*~tactically~*~*~ (hiding).
 20111 | D:11     | 20111 ||| Stepping ~*~*~tactically~*~*~ (hiding).
 20118 | D:11     | 20118 ||| INVOKING Brothers in Arms.
 20122 | D:11     | 20122 ||| INVOKING Berserk.
 20134 | D:11     | Reached XP level 14. HP: 126/136 MP: 4/13
 20316 | D:11     | 20316 ||| Stepping ~*~*~tactically~*~*~ (stealth).
 20318 | D:11     | 20318 ||| Stepping ~*~*~tactically~*~*~ (stealth).
 20320 | D:11     | 20320 ||| Stepping ~*~*~tactically~*~*~ (hiding).
 20427 | D:11     | 20427 ||| FLEEEEING.
 20428 | D:11     | 20428 ||| STAIRDANCE
 20480 | D:10     | 20480 ||| UPGRADING to amulet of reflection.
 20491 | D:11     | Reached skill level 6 in Shields
 20752 | D:11     | 20752 ||| PLANNING D
 20752 | D:11     | 20752 ||| DROPPING orb of guile.
 20770 | D:12     | 20770 ||| Stepping ~*~*~tactically~*~*~ (hiding).
 20788 | D:12     | 20788 ||| Stepping ~*~*~tactically~*~*~ (stealth).
 20789 | D:12     | 20789 ||| Stepping ~*~*~tactically~*~*~ (stealth).
 20791 | D:12     | 20791 ||| Stepping ~*~*~tactically~*~*~ (stealth).
 20792 | D:12     | 20792 ||| Stepping ~*~*~tactically~*~*~ (stealth).
 20793 | D:12     | 20793 ||| Stepping ~*~*~tactically~*~*~ (stealth).
 20794 | D:12     | 20794 ||| INVOKING Trog's Hand.
 20796 | D:12     | 20796 ||| INVOKING Berserk.
 20898 | D:12     | Gained mutation: You have supernaturally acute eyesight.
                  | (SInv) [hidden potential]
 21080 | D:12     | 21080 ||| Stepping ~*~*~tactically~*~*~ (hiding).
 21083 | D:12     | 21083 ||| INVOKING Berserk.
 21087 | D:12     | Noticed a purple very ugly thing
 21102 | D:12     | Killed a purple very ugly thing
 21277 | D:12     | 21277 ||| Stepping ~*~*~tactically~*~*~ (hiding).
 21284 | D:12     | 21284 ||| INVOKING Berserk.
 21316 | D:12     | 21316 ||| Stepping ~*~*~tactically~*~*~ (stealth).
 21322 | D:12     | 21322 ||| FLEEEEING.
 21323 | D:12     | 21323 ||| FLEEEEING.
 21324 | D:12     | 21324 ||| FLEEEEING.
 21325 | D:12     | 21325 ||| DRINKING 9 potions of curing.
 21325 | D:12     | 21325 ||| (to cure confusion)
 21326 | D:12     | 21326 ||| FLEEEEING.
 21327 | D:12     | 21327 ||| FLEEEEING.
 21328 | D:12     | 21328 ||| FLEEEEING.
 21329 | D:12     | 21329 ||| FLEEEEING.
 21330 | D:12     | 21330 ||| FLEEEEING.
 21331 | D:12     | 21331 ||| FLEEEEING.
 21332 | D:12     | 21332 ||| FLEEEEING.
 21333 | D:12     | 21333 ||| FLEEEEING.
 21518 | D:12     | 21518 ||| Stepping ~*~*~tactically~*~*~ (stealth).
 21531 | D:12     | Reached skill level 9 in Shields
 21532 | D:12     | 21532 ||| Stepping ~*~*~tactically~*~*~ (stealth).
 21639 | D:12     | Noticed Sonja
 21649 | D:12     | Killed Sonja
 21877 | D:12     | 21877 ||| Stepping ~*~*~tactically~*~*~ (hiding).
 21993 | D:12     | 21993 ||| Stepping ~*~*~tactically~*~*~ (hiding).
 22010 | D:12     | 22010 ||| Stepping ~*~*~tactically~*~*~ (hiding).
 22017 | D:12     | 22017 ||| INVOKING Berserk.
 22141 | D:12     | Identified the +3 kite shield of Liub {Int+3}
 22176 | D:12     | 22176 ||| Stepping ~*~*~tactically~*~*~ (stealth).
 22178 | D:12     | 22178 ||| Stepping ~*~*~tactically~*~*~ (hiding).
 22185 | D:12     | 22185 ||| INVOKING Berserk.
 22328 | D:12     | 22328 ||| DROPPING +1 flail of draining.
 22508 | D:12     | 22508 ||| Stepping ~*~*~tactically~*~*~ (stealth).
 22511 | D:12     | 22511 ||| Stepping ~*~*~tactically~*~*~ (hiding).
 22512 | D:12     | 22512 ||| Stepping ~*~*~tactically~*~*~ (hiding).
 22518 | D:12     | 22518 ||| INVOKING Trog's Hand.
 22520 | D:12     | 22520 ||| INVOKING Berserk.
 22838 | D:12     | 22838 ||| INVOKING Brothers in Arms.
 22839 | D:12     | 22839 ||| INVOKING Brothers in Arms.
 22841 | D:12     | 22841 ||| SWAPPING to +0 morningstar.
 22842 | D:12     | 22842 ||| INVOKING Brothers in Arms.
 22843 | D:12     | 22843 ||| INVOKING Brothers in Arms.
 22844 | D:12     | 22844 ||| INVOKING Berserk.
 22856 | D:12     | 22856 ||| SWAPPING to +2 war axe.
 23072 | D:12     | 23072 ||| UPGRADING to +3 kite shield of Liub {Int+3}.
 23082 | D:12     | 23082 ||| DROPPING +0 buckler.
 23192 | D:13     | 23192 ||| Stepping ~*~*~tactically~*~*~ (stealth).
 23345 | D:13     | 23345 ||| READING scroll of acquirement.
 23345 | D:13     | 23345 ||| ACQUIRING ring of Bitifiq {rN+++ Will+ Str-3
                  | Int-2 Dex+3}
 23345 | D:13     | Acquired the ring of Bitifiq {rN+++ Will+ Str-3 Int-2
                  | Dex+3}
 23370 | D:13     | Found Micwi's Armour Emporium.
 23598 | D:13     | 23598 ||| Stepping ~*~*~tactically~*~*~ (stealth).
 23812 | D:13     | 23812 ||| READING scroll of enchant armour.
 23812 | D:13     | 23812 ||| ENCHANTING +3 plate armour of poison resistance.
 23861 | D:14     | Found a hazy altar of Hepliaklqana.
 23879 | D:14     | 23879 ||| Stepping ~*~*~tactically~*~*~ (stealth).
 23880 | D:14     | 23880 ||| Stepping ~*~*~tactically~*~*~ (stealth).
 23881 | D:14     | 23881 ||| Stepping ~*~*~tactically~*~*~ (stealth).
 23882 | D:14     | 23882 ||| INVOKING Berserk.
 23903 | D:14     | 23903 ||| INVOKING Brothers in Arms.
 23904 | D:14     | 23904 ||| SWAPPING to +0 morningstar.
 23905 | D:14     | Reached skill level 12 in Shields
 23906 | D:14     | 23906 ||| INVOKING Brothers in Arms.
 23907 | D:14     | 23907 ||| INVOKING Brothers in Arms.
 23909 | D:14     | 23909 ||| SWAPPING to +2 war axe.
 24010 | D:14     | 24010 ||| Stepping ~*~*~tactically~*~*~ (stealth).
 24011 | D:14     | Found a gate to the Vaults.
 24012 | D:14     | 24012 ||| Stepping ~*~*~tactically~*~*~ (stealth).
 24045 | D:14     | Noticed Nessos
 24055 | D:14     | 24055 ||| Stepping ~*~*~tactically~*~*~ (stealth).
 24057 | D:14     | 24057 ||| INVOKING Brothers in Arms.
 24057 | D:14     | Killed Nessos
 24058 | D:14     | 24058 ||| INVOKING Brothers in Arms.
 24059 | D:14     | 24059 ||| INVOKING Brothers in Arms.
 24060 | D:14     | 24060 ||| INVOKING Brothers in Arms.
 24061 | D:14     | 24061 ||| SWAPPING to +0 morningstar.
 24062 | D:14     | 24062 ||| INVOKING Berserk.
 24138 | D:14     | 24138 ||| SWAPPING to +2 war axe.
 24257 | D:14     | 24257 ||| Stepping ~*~*~tactically~*~*~ (hiding).
 24258 | D:14     | 24258 ||| INVOKING Berserk.
 24267 | D:14     | Reached XP level 15. HP: 145/145 MP: 5/14
 24276 | D:14     | 24276 ||| DRINKING 11 potions of curing.
 24276 | D:14     | 24276 ||| (to cure confusion)
 24313 | D:14     | 24313 ||| INVOKING Berserk.
 24426 | D:14     | 24426 ||| SWAPPING to +0 broad axe.
 24427 | D:14     | 24427 ||| DROPPING +2 war axe.
 24432 | D:14     | 24432 ||| Stepping ~*~*~tactically~*~*~ (stealth).
 24441 | D:14     | 24441 ||| Stepping ~*~*~tactically~*~*~ (stealth).
 24448 | D:14     | 24448 ||| INVOKING Berserk.
 24469 | D:14     | Gained mutation: You have a beak for a mouth. [hidden
                  | potential]
 24469 | D:14     | Lost mutation: You have hidden genetic potential. [hidden
                  | potential expressed]
 24685 | D:14     | 24685 ||| INVOKING Trog's Hand.
 25148 | D:14     | 25148 ||| UPGRADING to +0 cloak.
 25153 | D:14     | 25153 ||| READING 7 scrolls of identify.
 25153 | D:14     | 25153 ||| IDENTIFYING glowing green potion
 25154 | D:14     | 25154 ||| DROPPING potion of magic.
 25182 | D:15     | Entered Level 15 of the Dungeon
 25183 | D:15     | 25183 ||| PLANNING GAUNTLET
 25189 | D:15     | 25189 ||| Stepping ~*~*~tactically~*~*~ (hiding).
 25347 | D:15     | 25347 ||| Stepping ~*~*~tactically~*~*~ (stealth).
 25350 | D:15     | Reached skill level 17 in Axes
 25352 | D:15     | Found a gate leading to a gauntlet.
 25359 | Gauntlet | Entered a Gauntlet
 25359 | Gauntlet | Found a transporter.
 25359 | Gauntlet | Found a transporter.
 25363 | Gauntlet | Found a transporter.
 25363 | Gauntlet | Found a transporter.
 25373 | Gauntlet | Found a transporter.
 25383 | Gauntlet | Found a transporter.
 25383 | Gauntlet | Found a transporter.
 25407 | Gauntlet | Found a transporter.
 25414 | Gauntlet | Found a transporter.
 25426 | Gauntlet | Found a transporter.
 25448 | Gauntlet | Found a transporter.
 25462 | Gauntlet | Found a transporter.
 25502 | Gauntlet | Found a transporter.
 25523 | Gauntlet | Found a transporter.
 25620 | Gauntlet | Found a transporter.
 25636 | Gauntlet | Found a transporter.
 25730 | Gauntlet | 25730 ||| Stepping randomly (stuck).
 25731 | Gauntlet | 25731 ||| Stepping randomly (stuck).
 25732 | Gauntlet | 25732 ||| Stepping randomly (stuck).
 25733 | Gauntlet | 25733 ||| Stepping randomly (stuck).
 25739 | Gauntlet | 25739 ||| Stepping randomly (stuck).
 25740 | Gauntlet | 25740 ||| Stepping randomly (stuck).
 25741 | Gauntlet | 25741 ||| Stepping randomly (stuck).
 25742 | Gauntlet | 25742 ||| Stepping randomly (stuck).
 25743 | Gauntlet | 25743 ||| Stepping randomly (stuck).
 25744 | Gauntlet | 25744 ||| Stepping randomly (stuck).
 25745 | Gauntlet | 25745 ||| Stepping randomly (stuck).
 25746 | Gauntlet | 25746 ||| Stepping randomly (stuck).
 25747 | Gauntlet | 25747 ||| Stepping randomly (stuck).
 25750 | Gauntlet | 25750 ||| Stepping randomly (stuck).
 25752 | Gauntlet | 25752 ||| Stepping randomly (stuck).
 25753 | Gauntlet | 25753 ||| Stepping randomly (stuck).
 25757 | Gauntlet | 25757 ||| Stepping randomly (stuck).
 25758 | Gauntlet | 25758 ||| Stepping randomly (stuck).
 25759 | Gauntlet | 25759 ||| Stepping randomly (stuck).
 25760 | Gauntlet | 25760 ||| Stepping randomly (stuck).
 25761 | Gauntlet | 25761 ||| Stepping randomly (stuck).
 25762 | Gauntlet | 25762 ||| Stepping randomly (stuck).
 25763 | Gauntlet | 25763 ||| Stepping randomly (stuck).
 25764 | Gauntlet | 25764 ||| Stepping randomly (stuck).
 25766 | Gauntlet | 25766 ||| Stepping randomly (stuck).
 25768 | Gauntlet | 25768 ||| Stepping randomly (stuck).
 25804 | Gauntlet | 25804 ||| Stepping randomly (stuck).
 25931 | Gauntlet | 25931 ||| DROPPING +2 pair of boots of rampaging.
 25971 | Gauntlet | 25971 ||| Stepping ~*~*~tactically~*~*~ (hiding).
 25976 | Gauntlet | 25976 ||| INVOKING Berserk.
 26145 | D:15     | 26145 ||| PLANNING D
 26212 | D:15     | 26212 ||| INVOKING Berserk.
 26351 | D:15     | Reached skill level 18 in Axes
 26351 | D:15     | 26351 ||| FLEEEEING.
 26424 | D:15     | 26424 ||| Stepping ~*~*~tactically~*~*~ (stealth).
 26428 | D:15     | Noticed an emperor scorpion
 26428 | D:15     | an emperor scorpion changed into a jorogumo
 26450 | D:15     | 26450 ||| INVOKING Berserk.
 26562 | D:15     | Found a staircase to the Depths.
 26601 | D:15     | 26601 ||| INVOKING Berserk.
 26723 | D:15     | Identified the ring of Tegruizo {rElec Will+ Str+7 Int-4
                  | Dex+2}
 26756 | D:15     | Found a portal to a secret trove of treasure.
 26763 | D:15     | 26763 ||| Stepping ~*~*~tactically~*~*~ (hiding).
 26846 | D:15     | 26846 ||| Stepping ~*~*~tactically~*~*~ (stealth).
 26883 | D:15     | 26883 ||| INVOKING Berserk.
 27186 | D:15     | 27186 ||| PLANNING ORC
 27186 | D:15     | 27186 ||| DROPPING ring of Bitifiq {rN+++ Will+ Str-3 Int-2
                  | Dex+3}.
 27187 | D:15     | 27187 ||| DROPPING ring of willpower.
 27188 | D:15     | 27188 ||| UPGRADING to ring of Tegruizo {rElec Will+ Str+7
                  | Int-4 Dex+2}.
 27190 | D:15     | 27190 ||| DROPPING ring of protection from cold.
 27360 | Orc:1    | Entered Level 1 of the Orcish Mines
 27360 | Orc:1    | Found Rul Meogh's Magic Scroll Boutique.
 27361 | Orc:1    | Found an ornate altar of the Wu Jian Council.
 27361 | Orc:1    | Found a transporter.
 27383 | Orc:1    | 27383 ||| INVOKING Berserk.
 27553 | Orc:1    | 27553 ||| BUYING scroll of identify (24 gold).
 27553 | Orc:1    | Bought a scroll of identify for 24 gold pieces
 27553 | Orc:1    | 27553 ||| BUYING scroll of identify (24 gold).
 27553 | Orc:1    | Bought a scroll of identify for 24 gold pieces
 27553 | Orc:1    | 27553 ||| BUYING scroll of identify (24 gold).
 27553 | Orc:1    | Bought a scroll of identify for 24 gold pieces
 27553 | Orc:1    | 27553 ||| BUYING scroll of identify (24 gold).
 27553 | Orc:1    | Bought a scroll of identify for 24 gold pieces
 27598 | Orc:1    | 27598 ||| Stepping ~*~*~tactically~*~*~ (stealth).
 27706 | Orc:1    | 27706 ||| INVOKING Trog's Hand.
 27708 | Orc:1    | 27708 ||| INVOKING Berserk.
 27727 | Orc:1    | Reached skill level 15 in Shields
 27737 | Orc:1    | 27737 ||| INVOKING Brothers in Arms.
 27738 | Orc:1    | 27738 ||| INVOKING Brothers in Arms.
 27819 | Orc:1    | 27819 ||| Stepping ~*~*~tactically~*~*~ (stealth).
 27820 | Orc:1    | 27820 ||| Stepping ~*~*~tactically~*~*~ (stealth).
 27821 | Orc:1    | 27821 ||| Stepping ~*~*~tactically~*~*~ (stealth).
 27958 | Orc:1    | 27958 ||| Stepping ~*~*~tactically~*~*~ (hiding).
 27968 | Orc:1    | 27968 ||| Stepping ~*~*~tactically~*~*~ (hiding).
 28010 | Orc:1    | Found a transporter.
 28013 | Orc:1    | Noticed an orc warlord
 28106 | Orc:1    | Found a transporter.
 28112 | Orc:1    | Found a transporter.
 28160 | Orc:1    | Found an ornate altar of the Wu Jian Council.
 28226 | Orc:2    | Entered Level 2 of the Orcish Mines
 28227 | Orc:2    | 28227 ||| STAIRDANCE
 28239 | Orc:2    | Noticed an orc warlord
 28240 | Orc:2    | 28240 ||| FLEEEEING.
 28243 | Orc:2    | 28243 ||| STAIRDANCE
 28301 | Orc:2    | 28301 ||| INVOKING Brothers in Arms.
 28305 | Orc:2    | 28305 ||| INVOKING Berserk.
 28309 | Orc:2    | Killed an orc warlord
 28310 | Orc:2    | Reached skill level 15 in Armour
 28327 | Orc:2    | 28327 ||| INVOKING Brothers in Arms.
 28336 | Orc:2    | 28336 ||| INVOKING Trog's Hand.
 28343 | Orc:2    | Reached XP level 16. HP: 53/155 MP: 6/15
 28626 | Orc:2    | Found a runed translucent door.
 28626 | Orc:2    | Noticed qw's ghost (journeyman MiBe)
 28672 | Orc:2    | Found Kusoumoz's Book Shop.
 28700 | Orc:2    | 28700 ||| Stepping ~*~*~tactically~*~*~ (hiding).
 28703 | Orc:2    | 28703 ||| INVOKING Trog's Hand.
 28704 | Orc:2    | 28704 ||| INVOKING Berserk.
 28838 | Orc:2    | Found a staircase to the Elven Halls.
 29068 | Orc:2    | 29068 ||| Stepping ~*~*~tactically~*~*~ (stealth).
 29070 | Orc:2    | 29070 ||| Stepping ~*~*~tactically~*~*~ (hiding).
 29095 | Orc:2    | 29095 ||| Stepping ~*~*~tactically~*~*~ (stealth).
 29240 | Orc:2    | 29240 ||| Stepping ~*~*~tactically~*~*~ (stealth).
 29241 | Orc:2    | 29241 ||| Stepping ~*~*~tactically~*~*~ (stealth).
 29251 | Orc:2    | 29251 ||| Stepping ~*~*~tactically~*~*~ (stealth).
 29253 | Orc:2    | 29253 ||| Stepping ~*~*~tactically~*~*~ (stealth).
 29255 | Orc:2    | 29255 ||| Stepping ~*~*~tactically~*~*~ (hiding).
 29261 | Orc:2    | 29261 ||| INVOKING Trog's Hand.
 29262 | Orc:2    | 29262 ||| INVOKING Berserk.
 29278 | Orc:2    | 29278 ||| INVOKING Brothers in Arms.
 29285 | Orc:2    | 29285 ||| INVOKING Trog's Hand.
 29293 | Orc:2    | HP: 27/155 [orc priest/divine providence (13)]
 29293 | Orc:2    | HP: 11/155 [orc knight/+0 long sword of freezing (6)]
 29294 | Orc:2    | 29294 ||| READING 13 scrolls of teleportation.
 29295 | Orc:2    | 29295 ||| DRINKING 4 potions of heal wounds.
 29295 | Orc:2    | Mangled by an orc warrior

Levels and vault maps discovered:
D:1:      minmay_arrival_plants_in_alcoves, layout_loops_ring,
          shapermc_ecumenical_altar_starsandcircs, minmay_fountain_box
D:2:      layout_loops_ring
D:3:      layout_loops_ring, serial_shops, nicolae_shop_overgrown_old_shop,
          wad_orctagon
D:4:      layout_basic, nicolae_tso_besieged_by_evil,
          ashenzari_conservatory_becter, minmay_temple_entry_sparse_star,
          uniq_sigmund
D:5:      layout_gridville, serial_shops, shop
D:6:      layout_basic, elyvilon_altar_5, lemuel_round_altar, lemuel_tele_altar,
          nicolae_overflow_crystal_walls
D:7:      layout_basic, mainiacjoe_overflow_six_doors_small,
          fedhas_bush_and_centaur_altar, hangedman_abyss_or_decor_stagger
D:8:      layout_basic, mainiacjoe_overflow_boulevard,
          nicolae_gozag_cash_rules_everything_around_me, enter_bailey_2
D:9:      layout_layer_cave, david_lair_shrubbed, hiddenorc1_lemuel, uniq_pikel
D:10:     layout_long_grid, mainiacjoe_overflow_alcove_2, minmay_misc_feat_rows,
          kennysheep_small_circle
D:11:     layout_cave_pools
D:12:     minmay_swirls_squares, layout_layer_cave, minivault_12, uniq_sonja
D:13:     layout_basic, serial_shops, shop
D:14:     minmay_curly_fans, layout_loops_ring, david_vaults_3,
          nicolae_hepliaklqana_hazy_memory, hangedman_abyss_or_decor_passed,
          chequers_serial_rivers_micro_e, minmay_nine_imps, uniq_nessos
D:15:     gammafunk_enter_depths_forms, layout_rooms,
          nicolae_trove_entry_isolated, serial_glass, glass_columns_a,
          glass_columns_a, glass_columns_b, glass_columns_c, glass_columns_a,
          glass_columns_c, glass_columns_c, glass_columns_b,
          gauntlet_entry_generic
Lair:1:   gammafunk_worm_tunnel, layout_cave_pods, serial_bayou_shore_b,
          uniq_erica
Lair:2:   layout_hall_layers
Lair:3:   layout_roguey, shoals_dummy_entry, nicolae_spider_entry_non_spiders,
          serial_rivers, chequers_serial_rivers_small_a,
          chequers_serial_rivers_small_b, chequers_serial_rivers_large_a,
          chequers_serial_rivers_large_b, chequers_serial_rivers_micro_b
Lair:4:   layout_big_grid, gammafunk_ghost_necromancy,
          chequers_serial_rivers_room_a
Lair:5:   gammafunk_lair_ancient_temple, layout_layer_cave, slime_entry_2,
          serial_rivers, chequers_serial_rivers_micro_e,
          chequers_serial_rivers_small_3, chequers_serial_rivers_room_b,
          chequers_serial_rivers_micro_e, chequers_serial_rivers_micro_a,
          gammafunk_ghost_split, lemuel_fruit_tree
Orc:1:    dreamdust_wu_jian_sword_trials, layout_caves, serial_shops,
          nicolae_shop_trees, guppyfry_orc_lava_fort
Orc:2:    st_orc_congregation, layout_caves, gammafunk_ghost_grave,
          serial_shops, nicolae_lakefront_shop

Skill      XL: |  1  2  3  4  5  6  7  8  9 10 11 12 13 14 15 |
---------------+----------------------------------------------+-----
Axes           | 4 5 6 8 10 12 14 16 18 | 18.0
Fighting       | 4 6 7 8 9 12 14 15 16 17 | 17.0
Throwing       | 2 3 5 6 7 |  7.1
Armour         | 3 5 8 10 12 14 15 | 15.0
Dodging        | 3 4 5 8 9 10 | 10.1
Shields        | 5 13 15 | 15.5

Action                   |  1- 3 |  4- 6 |  7- 9 | 10-12 | 13-15 | 16-18 || total
-------------------------+-------+-------+-------+-------+-------+-------++-------
Melee: Hand axe          |    76 |    40 |       |       |       |       ||   116
       Headbutt          |     7 |    11 |    29 |    99 |   213 |    11 ||   370
       Punch             |     1 |     1 |       |     7 |     2 |       ||    11
       War axe           |       |    28 |   130 |   369 |   488 |       ||  1015
       Morningstar       |       |       |       |    16 |    12 |       ||    28
       Broad axe         |       |       |       |       |   335 |    71 ||   406
       Peck              |       |       |       |       |    70 |    10 ||    80
Throw: Javelin           |       |    16 |    47 |    57 |    67 |     7 ||   194
       Boomerang         |       |       |    12 |    33 |    70 |       ||   115
Invok: Berserk           |     2 |     3 |     9 |    21 |    28 |     2 ||    65
       Brothers in Arms  |       |       |       |     1 |    10 |     1 ||    12
       Trog's Hand       |       |       |       |       |     6 |     3 ||     9
  Use: Scroll            |    11 |     9 |     6 |     7 |     9 |     1 ||    43
       Potion            |     1 |     1 |     2 |       |     2 |     1 ||     7
 Stab: Petrified         |       |       |       |     1 |       |       ||     1
       Distracted        |       |       |       |       |     2 |     1 ||     3
Armor: Animal skin       |    11 |       |       |       |       |       ||    11
       Scale mail        |       |     2 |    43 |       |       |       ||    45
       Chain mail        |       |       |    34 |    37 |       |       ||    71
       Plate armour      |       |       |       |   133 |   259 |    17 ||   409
Dodge: Dodged            |    43 |    31 |    68 |   138 |   295 |    21 ||   596
Block: Buckler           |       |       |       |       |    65 |       ||    65
       Kite shield       |       |       |       |       |   387 |    76 ||   463
       Reflection        |       |       |       |       |    20 |     6 ||    26

Table legend:
 A = Non-vault XP
 B = Vault XP
 C = Vault XP percentage of total XP
 D = Non-vault monster count
 E = Vault monster count
 F = Vault count percentage of total count
                 A         B        C        D         E       F
            +---------+---------+-------+---------+---------+-------
      Total |  106631 |   52900 |  33.2 |     535 |     188 |  26.0
            +---------+---------+-------+---------+---------+-------
        D:1 |      27 |       0 |   0.0 |      20 |       0 |   0.0
        D:2 |      38 |       0 |   0.0 |       9 |       0 |   0.0
        D:3 |      70 |      12 |  14.6 |      23 |       4 |  14.8
        D:4 |     279 |     249 |  47.2 |      14 |      15 |  51.7
        D:5 |    1139 |       0 |   0.0 |      18 |       0 |   0.0
        D:6 |     950 |       0 |   0.0 |      14 |       0 |   0.0
        D:7 |    1411 |     110 |   7.2 |      31 |       1 |   3.1
        D:8 |    1767 |       0 |   0.0 |      34 |       0 |   0.0
        D:9 |    1715 |    1211 |  41.4 |      17 |      19 |  52.8
       D:10 |    2303 |     571 |  19.9 |      11 |       3 |  21.4
       D:11 |    4450 |       0 |   0.0 |      21 |       0 |   0.0
       D:12 |    6230 |   12515 |  66.8 |      16 |      20 |  55.6
       D:13 |    5841 |       0 |   0.0 |      13 |       0 |   0.0
       D:14 |   13480 |    8307 |  38.1 |      25 |      33 |  56.9
       D:15 |    8026 |    6308 |  44.0 |      19 |       9 |  32.1
     Lair:1 |     867 |     844 |  49.3 |      10 |       1 |   9.1
     Lair:2 |   11547 |       0 |   0.0 |      22 |       0 |   0.0
     Lair:3 |    7866 |     262 |   3.2 |      31 |       8 |  20.5
     Lair:4 |    5524 |       0 |   0.0 |      25 |       0 |   0.0
     Lair:5 |   15973 |    7665 |  32.4 |      54 |      18 |  25.0
      Orc:1 |   10086 |    5082 |  33.5 |      53 |      15 |  22.1
      Orc:2 |    7042 |    4123 |  36.9 |      55 |      28 |  33.7
   Gauntlet |       0 |    5641 | 100.0 |       0 |      14 | 100.0
            +---------+---------+-------+---------+---------+-------
